 Dungeon Crawl Stone Soup version 0.19.5 (webtiles) character file.

41 Gargoyl the Skirmisher (level 3, 0/33 HPs)
             Began as a Ghoul Abyssal Knight on May 17, 2017.
             Was a Follower of Lugonu.
             Slain by Natasha (6 damage)
             ... on level 2 of the Dungeon on May 18, 2017.
             The game lasted 00:04:00 (1822 turns).

Gargoyl the Skirmisher (Ghoul Abyssal Knight)       Turns: 1822, Time: 00:04:01

Health: 0/33       AC:  5    Str: 15    XL:     3   Next: 52%
Magic:  3/3        EV:  9    Int:  7    God:    Lugonu [*.....]
Gold:   83         SH:  2    Dex:  9    Spells: 0 memorised, 2 levels left

rFire  . . .     SeeInvis .     a - +1 hand axe
rCold  + . .     Gourm    .     l - +0 ring mail
rNeg   + + +     Faith    .     d - +0 buckler
rPois  ∞         Spirit   .     (no helmet)
rElec  .         Reflect  .     (no cloak)
rCorr  .         Harm     .     (no gloves)
MR     .....                    (no boots)
Stlth  ..........               (no amulet)
                                (no ring)
                                (no ring)

@: rotting
A: rotting body, claws 1, carnivore 3, cold resistance 1, negative energy
resistance 3, slow regeneration 1, torment resistance, unbreathing
a: Depart the Abyss, Renounce Religion


You were on level 2 of the Dungeon.
You worshipped Lugonu.
Lugonu was aware of your devotion.
You were not hungry.

You visited 1 branch of the dungeon, and saw 2 of its levels.
You visited the Abyss 1 time.

You collected 83 gold pieces.

Inventory:

Hand Weapons
 a - a +1 hand axe (weapon)
Missiles
 b - 4 javelins
 e - 3 tomahawks (quivered)
Armour
 d - a +0 buckler (worn)
 l - a +0 ring mail (worn)
 n - a +0 pair of boots
Scrolls
 j - a scroll of amnesia
 k - 3 scrolls of identify
 m - a scroll of remove curse
Potions
 g - a potion of agility
 h - 2 potions of flight {unknown}
 i - a potion of curing {unknown}
Comestibles
 c - a meat ration
 f - 3 chunks of flesh


   Skills:
 + Level 3.7 Fighting
 + Level 2.0 Axes
 * Level 2.4 Armour
 + Level 1.1 Dodging
 * Level 2.4 Invocations


You had 2 spell levels left.
You didn't know any spells.

Dungeon Overview and Level Annotations

Branches:
Dungeon (2/15)

Altars:

Annotations:
D:2 Natasha


Innate Abilities, Weirdness & Mutations

Your body is rotting away.
You thrive on raw meat.
You are immune to poison.
You have sharp fingernails.
You are carnivorous and can eat meat at any time.
Your flesh is cold resistant. (rC+)
You are immune to negative energy. (rN+++)
You regenerate slowly when monsters are visible.
You are immune to unholy pain and torment.
You can survive without breathing.


Message History

Natasha claws you.
You miss Natasha.
Natasha is heavily wounded.
You block Natasha's attack.
Your shield and ring mail prevent you from hitting Natasha.
Natasha is heavily wounded.
Natasha claws you.
You barely miss Natasha.
Natasha is heavily wounded.
Natasha extends her claws.
Natasha claws you!
You hit Natasha.
Natasha is severely wounded.
Natasha claws you!
* * * LOW HITPOINT WARNING * * *
Natasha barely misses you.
You miss Natasha.
Natasha is severely wounded.
Natasha claws you.
You die...

##### ######### #....
######.......# #.###
#....@h.####.# #.###
#....)..####.#####....
#$......#........####.
######.##...........'.
#.##........####.
#.#####'#...# #. #!#
#.#.### #. .# #.#.# #.
#.#># #.


You could see Natasha.

Vanquished Creatures
  A gnoll (D:1)
  A dart slug (D:1)
  A leopard gecko (D:1)
  A bat (D:1)
  A giant cockroach (D:1)
  2 goblins
  3 hobgoblins (D:1)
  4 jackals (D:1)
  3 kobolds (D:1)
  A ball python (D:1)
  3 frilled lizards
  6 rats
27 creatures vanquished.

Notes
Turn   | Place    | Note
-------+----------+-------------------------------------------
     0 | Abyss:1  | Gargoyl the Ghoul Abyssal Knight began the quest for the Orb.
     0 | Abyss:1  | Reached XP level 1. HP: 19/19 MP: 1/1
    92 | Abyss:1  | Noticed a starcursed mass
    93 | D:1      | Escaped the Abyss
   203 | D:1      | Reached skill level 1 in Dodging
   334 | D:1      | Reached XP level 2. HP: 26/26 MP: 2/2
   365 | D:1      | Reached * piety under Lugonu
   754 | D:1      | Reached XP level 3. HP: 13/31 MP: 3/3
  1812 | D:2      | Noticed Natasha
  1822 | D:2      | Slain by Natasha

Skill      XL: |  1  2 |
---------------+-------+-----
Dodging        | 1 |  1.1
Armour         | 2 |  2.4
Axes           | 2 |  2.0
Fighting       | |  3.7
Invocations    | |  2.4

Action                   || total
-------------------------++-------
Melee: Hand axe          ||    85
Invok: Depart the Abyss  ||     1
  Use: Scroll            ||     7
       Potion            ||     1
  Eat: Chunk             ||    14
Armor: Leather armour    ||    20
       Ring mail         ||    10
Dodge: Dodged            ||    51
Block: Buckler           ||     5
